AoeStats
← Kubya

MegaRandom

509171360Analyzed
2v2 RM · 7d ago on Sep 25, 2026· 72m 11s· 4 players
Game mode
Random Map
Map size
Medium (4 player)
Population
200
Speed
Normal
Resources
Standard
Victory
Conquest
Starting age
Dark Age
Ending age
Imperial Age
RankedLock teamsTeams togetherTeam positionsShared explorationLock speedFull tech treeHidden civsTurbo modeCheats
Victory
Defeat
🇩🇪 Slavs · Germany
1607
+13
🇸🇪 Teutons · Sweden
1530
+16
🇧🇷 Malay · Brazil
1630
-19
🇧🇷 Franks · Brazil
1430
-10
GAX | Kareca
7:20 Loom
9:45 Feudal Age
10:47 Double-Bit Axe
12:27 Fletching
15:39 Padded Archer Armor
19:01 Wheelbarrow
23:01 Castle Age
21:31 Gold Mining
21:59 Crossbowman
22:34 Bodkin Arrow
22:42 Town Watch
24:34 Ballistics
25:04 Leather Archer Armor
26:10 Thumb Ring
35:18 Imperial Age
34:19 Arbalester
37:11 Bracer
39:43 Chemistry
42:12 Forging
43:03 Squires
43:46 Gold Shaft Mining
43:01 Stone Mining
43:12 Pikeman
44:15 Horse Collar
46:06 Iron Casting
46:12 Halberdier
48:52 Conscription
50:33 Ring Archer Armor
51:48 Blast Furnace
53:20 Scale Barding Armor
54:58 Husbandry
56:08 Hand Cart
55:35 Light Cavalry
58:21 Heavy Plow
58:09 Elite Skirmisher
59:54 Crop Rotation
59:35 Bow Saw
65:02 Elite Battle Elephant
68:17 Guilds
68:12 Caravan
GAX | SUPERBOY
6:44 Loom
9:58 Feudal Age
10:39 Double-Bit Axe
13:36 Forging
16:07 Scale Barding Armor
18:43 Wheelbarrow
26:51 Castle Age
25:10 Gold Mining
27:54 Bow Saw
28:35 Gold Shaft Mining
28:24 Chain Barding Armor
37:29 Husbandry
40:25 Fletching
63:38 Scale Mail Armor
63:01 Pikeman
63:28 Gambesons
64:05 Town Watch
69:25 Squires
Dawn14
7:08 Loom
9:19 Feudal Age
9:48 Double-Bit Axe
15:40 Horse Collar
16:33 Scale Barding Armor
17:28 Forging
18:10 Bloodlines
22:09 Wheelbarrow
24:57 Castle Age
25:08 Light Cavalry
26:10 Chain Barding Armor
26:45 Bow Saw
27:26 Iron Casting
29:47 Heavy Plow
31:42 Husbandry
33:17 Hand Cart
45:31 Town Watch
49:34 Imperial Age
50:55 Plate Barding Armor
51:43 Blast Furnace
51:41 Town Patrol
52:16 Capped Ram
53:41 Fletching
53:43 Heavy Scorpion
54:40 Scale Mail Armor
58:02 Stone Mining
58:02 Gold Mining
59:29 Conscription
59:13 Squires
61:35 Ballistics
62:07 Hussar
63:28 Siege Engineers
66:14 Detinets
67:47 Chemistry
68:40 Elite Boyar
Kubya
7:16 Loom
9:56 Feudal Age
11:03 Double-Bit Axe
19:17 Castle Age
19:02 Horse Collar
19:27 Fletching
24:24 Padded Archer Armor
27:44 Bodkin Arrow
28:44 Town Watch
31:14 Bloodlines
32:12 Leather Archer Armor
44:41 Imperial Age
43:24 Ballistics
44:31 Coinage
45:10 Wheelbarrow
44:44 Guard Tower
45:40 Heavy Scorpion
48:51 Masonry
50:10 Chemistry
50:12 Stone Mining
50:12 Gold Mining
52:36 Stone Shaft Mining
54:53 Siege Engineers
60:25 Crenellations
62:13 Pikeman
63:53 Halberdier
65:54 Scale Mail Armor
67:22 Squires
Connection lost

Rejoining the realm…

Still unreachable

The connection could not be restored.

Session expired

The server has moved on; the page needs a fresh start.